 Dungeon Crawl Stone Soup version 0.17.1-2-g5865329 (webtiles) character file.

2459 Peloso the Protected (level 9, -13/79 HPs)
             Began as a Minotaur Fighter on Feb 15, 2016.
             Was a Believer of Okawaru.
             Mangled by a troll (15 damage)
             ... on level 8 of the Dungeon.
             The game lasted 00:13:21 (6444 turns).

Peloso the Protected (Minotaur Fighter)             Turns: 6444, Time: 00:13:22

Health: -13/79     AC: 11    Str: 23    XL:     9   Next: 26%
Magic:  8/8        EV: 11    Int:  5    God:    Okawaru [**....]
Gold:   293        SH: 11    Dex: 13    Spells: 0 memorised, 8 levels left

rFire  . . .     SeeInvis .     J - +2 falchion of Corruption {holy, MR+ Dex+2}
rCold  . . .     Clarity  .     b - +0 scale mail
rNeg   . . .     SustAt   .     c - +0 shield
rPois  .         Gourm    .     (helmet restricted)
rElec  .         Spirit   .     l - +0 cloak
rCorr  .         Warding  .     s - +1 pair of gloves
rMut   .         Stasis   .     (no boots)
MR     ++...                    (no amulet)
Stlth  ..........               I - ring of protection from magic
                                F - +5 ring of slaying

@: very resistant to hostile enchantments, extremely unstealthy
A: retaliatory headbutt, horns 2
a: Heroism, Renounce Religion


You were on level 8 of the Dungeon.
You worshipped Okawaru.
Okawaru was pleased with you.
You were near starving.

You visited 2 branches of the dungeon, and saw 9 of its levels.

You collected 293 gold pieces.

Inventory:

Hand Weapons
 a - a +0 long sword
 r - a cursed -3 hand axe
 y - the +7 hand axe of Vanity {flame, rF- rN+ MR++ Stlth+}
   (You took it off Dowan on level 4 of the Dungeon)

   It has been specially enchanted to burn those struck by it, causing extra
   injury to most foes and up to half again as much damage against particularly
   susceptible opponents.
   Big, fiery blades are also staple armaments of hydra-hunters.
   It makes you vulnerable to fire.
   It protects you from negative energy.
   It affects your resistance to hostile enchantments.
   It makes you more stealthy.
 J - the +2 falchion of Corruption (weapon) {holy, MR+ Dex+2}
   (You took it off a big kobold on level 7 of the Dungeon)

   It has been blessed by the Shining One to cause great damage to the undead
   and demons.
   It affects your dexterity (+2).
   It affects your resistance to hostile enchantments.
Armour
 b - a +0 scale mail (worn)
 c - a +0 shield (worn)
 l - a +0 cloak (worn)
 s - a +1 pair of gloves (worn)
Jewellery
 m - an uncursed ring of invisibility
 n - a +3 ring of dexterity
 p - an uncursed ring of poison resistance
 A - an uncursed ring of sustain attributes
 F - a +5 ring of slaying (left hand)
 G - an uncursed ring of protection from magic
 I - a ring of protection from magic (right hand)
Wands
 x - a wand of random effects (41)
 D - a wand of digging (9)
 K - a wand of teleportation (4)
Scrolls
 g - 4 scrolls of teleportation
 h - 4 scrolls of remove curse
 j - a scroll of amnesia
 u - a scroll of enchant armour
 B - a scroll of summoning {unknown}
 E - 4 scrolls of identify {unknown}
Potions
 d - 3 potions of might
 i - a potion of resistance {unknown}
 k - 2 potions of heal wounds {unknown}
 q - a potion of lignification {unknown}
 v - a potion of cancellation {unknown}
 z - 2 potions of invisibility {unknown}
 C - a potion of curing {unknown}
 H - a potion of flight {unknown}
Comestibles
 e - 4 bread rations
 f - 2 beef jerkies
 o - 5 meat rations
 t - 6 fruits
 w - 3 royal jellies


   Skills:
 + Level 7.1 Fighting
 + Level 7.7 Long Blades
 + Level 0.2 Axes
 + Level 8.0 Armour
 + Level 5.2 Dodging
 + Level 1.0 Stealth
 + Level 7.5 Shields


You had 8 spell levels left.
You didn't know any spells.

Dungeon Overview and Level Annotations

Branches:
Dungeon (8/15)             Temple (1/1) D:6
   Lair: D:8-11

Altars:
Ashenzari
Cheibriados
Dithmenos
Elyvilon
Fedhas
Makhleb
Nemelex Xobeh
Okawaru
Ru
Trog
Vehumet
Xom
Yredelemnul
Zin
The Shining One

Shops:
D:4 *   D:6 :


Innate Abilities, Weirdness & Mutations

You reflexively headbutt those who attack you in melee.
You have a pair of horns on your head.


Message History

You slash the steam dragon!
The steam dragon is almost dead.
The troll bites you!
* * * LOW HITPOINT WARNING * * *
The troll barely misses you. The troll claws you but does no damage.
You block the steam dragon's attack.
The steam dragon claws you but does no damage.
The troll bites you!
* * * LOW HITPOINT WARNING * * *
The troll barely misses you. You block the troll's attack.
A wyvern comes into view.
You closely miss the steam dragon.
You headbutt the steam dragon, but do no damage.
The steam dragon is almost dead.
The wyvern moves out of view.
The steam dragon bites you but does no damage.
The steam dragon claws you.
* * * LOW HITPOINT WARNING * * *
The troll bites you!
You die...

##
#######
#$
#.....#
#. #.§..
#$ #..#
#T###..#
#?@D...#
#..†...#
########
......
.......
#######
.$.. ...


You could see a troll and a steam dragon.

Vanquished Creatures
  Joseph (D:7)
  Sigmund (D:4)
  2 wyverns
  Duvessa (D:4)
  An ice beast (D:5)
  A phantom (D:8)
  An ogre (D:4)
  A centaur (D:5)
  A giant frog (D:6)
  A big kobold (D:7)
  A gnoll sergeant (D:6)
  Dowan (D:4)
  2 scorpions
  A water moccasin skeleton (D:5)
  A crimson imp (D:5)
  A jelly (D:7)
  5 orc priests
  A giant frog zombie (D:5)
  3 hounds
  Natasha (thrice) (D:3)
  4 orc wizards
  6 worker ants
  Robin (D:4)
  8 adders
  6 gnolls
  2 shadow imps
  An ooze (D:3)
  2 adder skeletons (D:6)
  4 worms
  2 giant geckos (D:1)
  25 orcs
  6 giant cockroaches
  12 goblins
  12 hobgoblins
  4 jackals
  4 kobolds
  A ball python zombie (D:5)
  7 bats
  3 giant newts
  2 quokkas
  A quokka zombie (D:7)
  5 rats
148 creatures vanquished.

Notes
Turn   | Place    | Note
--------------------------------------------------------------
     0 | D:1      | Peloso the Minotaur Fighter began the quest for the Orb.
     0 | D:1      | Reached XP level 1. HP: 19/19 MP: 0/0
   166 | D:1      | Reached XP level 2. HP: 20/27 MP: 1/1
   232 | D:1      | Reached skill level 4 in Fighting
   986 | D:2      | Reached XP level 3. HP: 33/33 MP: 2/2
  1294 | D:3      | Noticed Natasha
  1302 | D:3      | Killed Natasha
  1488 | D:3      | Reached XP level 4. HP: 40/40 MP: 3/3
  1581 | D:3      | Reached skill level 1 in Dodging
  1623 | D:3      | Reached XP level 5. HP: 13/46 MP: 4/4
  1912 | D:3      | Found an iron altar of Okawaru.
  1936 | D:3      | Became a worshipper of Warmaster Okawaru
  1944 | D:3      | Noticed Natasha
  1949 | D:3      | Killed Natasha
  1977 | D:3      | Noticed Natasha
  1977 | D:3      | Reached skill level 5 in Armour
  1982 | D:3      | Killed Natasha
  2306 | D:4      | Noticed Sigmund
  2325 | D:4      | Killed Sigmund
  2325 | D:4      | Reached skill level 5 in Shields
  2325 | D:4      | Reached XP level 6. HP: 39/55 MP: 5/5
  2506 | D:4      | Noticed an ogre
  2512 | D:4      | Killed an ogre
  2846 | D:4      | Noticed Dowan
  2847 | D:4      | Noticed Duvessa
  2847 | D:4      | Reached skill level 5 in Fighting
  2863 | D:4      | Killed Duvessa
  2863 | D:4      | Reached skill level 5 in Long Blades
  2863 | D:4      | Reached XP level 7. HP: 45/61 MP: 6/6
  2871 | D:4      | Killed Dowan
  2873 | D:4      | Got a crude hand axe {flame}
  2876 | D:4      | Identified the +7 hand axe of Vanity {flame, rF- rN+ MR++ Stlth+} (You took it off Dowan on level 4 of the Dungeon)
  3064 | D:4      | Found Zin's Purification Station.
  3067 | D:4      | Found a glowing silver altar of Zin.
  3093 | D:4      | Noticed Robin
  3110 | D:4      | Killed Robin
  3236 | D:5      | Entered Level 5 of the Dungeon
  3284 | D:5      | Reached skill level 6 in Armour
  3294 | D:5      | Reached * piety under Okawaru
  3594 | D:5      | Found a radiant altar of Vehumet.
  3595 | D:5      | Found a burning altar of Makhleb.
  3652 | D:5      | Reached XP level 8. HP: 62/70 MP: 7/7
  4223 | D:6      | Found a staircase to the Ecumenical Temple.
  4366 | D:6      | Reached skill level 7 in Armour
  4633 | D:6      | Found Loabasoi's Book Shoppe.
  4981 | D:6      | Reached ** piety under Okawaru
  4997 | Temple   | Entered the Ecumenical Temple
  5223 | D:6      | Found a sparkling altar of Nemelex Xobeh.
  5230 | D:6      | Found a basalt altar of Yredelemnul.
  5713 | D:7      | Found a shattered altar of Ashenzari.
  6130 | D:7      | Reached XP level 9. HP: 78/78 MP: 8/8
  6135 | D:7      | Got a brightly glowing falchion {holy}
  6136 | D:7      | Identified the +2 falchion of Corruption {holy, MR+ Dex+2} (You took it off a big kobold on level 7 of the Dungeon)
  6218 | D:7      | Noticed Joseph
  6228 | D:7      | Killed Joseph
  6228 | D:7      | Reached skill level 5 in Dodging
  6228 | D:7      | Reached skill level 1 in Stealth
  6438 | D:8      | Reached skill level 8 in Armour
  6444 | D:8      | HP: 2/79 [steam dragon (2)]
  6444 | D:8      | Mangled by a troll

Action                   |  1- 3 |  4- 6 |  7- 9 || total
-------------------------+-------+-------+-------++-------
Melee: Long sword        |    82 |   115 |   241 ||   438
       Hand axe          |       |       |     1 ||     1
       Falchion          |       |       |    22 ||    22
  Use: Scroll            |       |     5 |     1 ||     6
  Eat: Chunk             |     2 |     4 |     9 ||    15
       Pizza             |       |       |     1 ||     1
